 Dungeon Crawl Stone Soup version 0.29.0-13-gc9e81de378 (webtiles) character file.

Game seed: 6347540491667419917

2313 trckry the Conjurer (level 9, -3/44 (50) HPs)
             Began as a Kobold Hedge Wizard on Sept 8, 2022.
             Was an Initiate of Ru.
             Slain by a wight
             ... wielding a +0 battleaxe
              (6 damage)
             ... on level 7 of the Dungeon.
             The game lasted 00:20:38 (8313 turns).

trckry the Conjurer (Kobold Hedge Wizard)           Turns: 8313, Time: 00:20:39

HP:   -3/44 (50)    AC:  8    Str: 10    XL:     9   Next: 68%
MP:   0/17          EV: 15    Int: 17    God:    Ru [......]
Gold: 403           SH:  0    Dex: 14    Spells: 7/18 levels left

rFire   . . .      SeeInvis .   t - +2 quarterstaff (chaos)
rCold   . . .      Faith    .   (shield currently unavailable)
rNeg    . . .      Spirit   .   b - +0 robe
rPois   .          Reflect  .   c - +0 hat
rElec   .          Harm     .   u - +2 cloak
rCorr   .          Rampage  .   H - +0 pair of gloves
Will    .....                   e - +1 pair of boots
Stlth   +++.......              q - amulet of the acrobat
HPRegen 0.14/turn               h - ring of wizardry
MPRegen 0.15/turn               (no ring)

@: on blink cooldown, heavily drained
A: small, no large weapons, nightstalker 3
a: Renounce Religion


You were on level 7 of the Dungeon.
You worshipped Ru.
Ru was noncommittal.
You visited 2 branches of the dungeon, and saw 10 of its levels.

You collected 403 gold pieces.

Inventory:

Hand Weapons
 i - a +1 short sword of draining
 t - a +2 quarterstaff of chaos (weapon)
Missiles
 f - 2 throwing nets
Armour
 b - a +0 robe (worn)
 c - a +0 hat (worn)
 e - a +1 pair of boots (worn)
 u - a +2 cloak (worn)
 G - a +0 buckler
 H - a +0 pair of gloves (worn)
Jewellery
 h - a ring of wizardry (left hand)
 q - an amulet of the acrobat (around neck)
 s - a ring of ice
Wands
 F - a wand of iceblast (5)
 J - a wand of flame (15)
Scrolls
 l - 2 scrolls of noise {unknown}
 m - a scroll of enchant armour {unknown}
 n - 8 scrolls of identify {unknown}
 p - 3 scrolls of enchant weapon {unknown}
 r - 2 scrolls of immolation {unknown}
 w - 3 scrolls of teleportation {unknown}
 y - a scroll of acquirement {unknown}
 A - a scroll of fear {unknown}
 D - a scroll of torment {unknown}
 E - 2 scrolls of magic mapping {unknown}
 K - a scroll of blinking {unknown}
Potions
 a - 2 potions of mutation {unknown}
 d - 2 potions of magic
 g - 2 potions of degeneration {unknown}
 j - a potion of resistance {unknown}
 k - a potion of invisibility {unknown}
 o - a potion of ambrosia {unknown}
 v - a potion of haste {unknown}
 x - a potion of flight {unknown}
 z - a potion of cancellation {unknown}
 B - a potion of berserk rage
 C - a potion of curing
 I - a potion of lignification {unknown}


   Skills:
 - Level 3.0 Fighting
 - Level 3.0 Dodging
 - Level 3.0 Stealth
 + Level 5.4 Spellcasting
 * Level 6.2 Conjurations
 - Level 6.0 Summonings
 - Level 4.0 Translocations
 + Level 2.0 Air Magic
 + Level 3.9 Earth Magic
 + Level 2.0 Poison Magic


You had 7 spell levels left.
You knew the following spells:

 Your Spells              Type           Power      Damage    Failure   Level
a - Magic Dart            Conj           100%       1d8       1%          1
b - Call Imp              Summ           25%        N/A       1%          2
c - Blink                 Tloc           36%        N/A       1%          2
d - Stone Arrow           Conj/Erth      42%        3d9       1%          3
e - Mephitic Cloud        Conj/Pois/Air  16%        N/A       4%          3

Your spell library contained the following spells:

 Spells                   Type           Power      Damage    Failure   Level
 Apportation              Tloc           36%        N/A       1%          1
 Sandblast                Erth           36%        2d10      1%          1
 Summon Small Mammal      Summ           100%       N/A       1%          1
 Sting                    Tmut/Pois      32%        1d4       3%          1
 Passwall                 Tmut/Erth      9%         N/A       3%          2
 Poisonous Vapours        Pois/Air       22%        N/A       3%          2
 Gell's Gravitas          Tloc           18%        N/A       3%          3
 Teleport Other           Tloc           18%        N/A       3%          3
 Conjure Flame            Conj/Fire      15%        6-21      4%          3
 Necrotise                Necr           16%        1d4       6%          1
 Slow                     Hex            16%        N/A       6%          1
 Olgreb's Toxic Radiance  Pois           11%        N/A       22%         4
 Dispersal                Tloc           9%         N/A       82%         6


Dungeon Overview and Level Annotations

Branches:
Dungeon (9/15) Zot: 26919  Temple (1/1) D:4 Zot: 5909
   Lair: D:8-11         Orc: D:9-12

Altars:
Ashenzari
Cheibriados
Dithmenos
Fedhas
Gozag
Hepliaklqana
Kikubaaqudgha
Nemelex Xobeh
Ru
Trog
Wu Jian
Xom
Yredelemnul
Zin

Shops:
D:1 (   D:2 =   D:6 (


Innate Abilities, Weirdness & Mutations

You are small and have problems with some larger weapons.
You are completely attuned to the shadows.


Message History

You hit the wight.
The wight is severely damaged.
The wight misses you.
You closely miss the wight.
The wight is severely damaged.
The wight closely misses you. The wight hits you with a +0 battleaxe.
You feel drained.
A wight comes into view. It is wielding a +1 falchion.
You take 8 damage, and have 42/49 hp.
You hit the wight but do no damage.
The wight is severely damaged.
The wight barely misses you.
You hit the wight but do no damage.
The wight is severely damaged.
The wight misses you.
You hit the wight.
The wight flickers and vanishes!
Deactivating autopickup; reactivate with Ctrl-A.
Something hits you.
You feel drained. The wight hits you with a +1 falchion.
You feel drained. Something closely misses you. The wight closely misses you.
You take 8 damage, and have 34/47 hp.
You barely miss something. The wight hits you with a +1 falchion.
Something hits you but does no damage.
You hit something. The wight misses you. Something hits you!
You take 8 damage, and have 26/47 hp.
Casting: Stone Arrow (safe; 1% risk of failure)
Confirm with . or Enter, or press ? or * to list all spells.
You don't have enough magic to cast this spell.
You miss something. Something hits you!
You feel drained. The wight hits you with a +1 falchion. Something hits you.
* * * LOW HITPOINT WARNING * * *
The wight hits you with a +1 falchion.
* * * LOW HITPOINT WARNING * * *
You feel drained.
* * * LOW HITPOINT WARNING * * *
You take 23 damage, and have 3/44 hp.
MASSIVE DAMAGE!!
Okay, then.
Casting: Stone Arrow (safe; 1% risk of failure)
Confirm with . or Enter, or press ? or * to list all spells.
You blink.
Something hits you.
You die...

########
..)....#
...###.#
## #.#
#.# #.#
..#@#
#.#{#
#.#z#
#.#.#
####>#.#
.......#
####.###
#.# #.#


You could see a wight.

Vanquished Creatures
  Prince Ribbit (D:5)
  A steam dragon (D:7)
  Menkaure (D:5)
  2 water moccasins
  A sky beast (D:5)
  2 ogres
  2 black bears
  An ice beast (D:7)
  A centaur (D:6)
  2 necrophages
  A bullfrog (D:9)
  3 scorpions (D:5)
  A wight (D:7)
  A howler monkey (D:6)
  A hound (D:5)
  5 orc priests
  Crazy Yiuf (D:3)
  A jelly (D:6)
  Ijyb (D:5)
  6 orc wizards
  A gnoll (D:7)
  4 adders
  A shadow imp (D:7)
  An ufetubus (D:4)
  3 dart slugs
  19 orcs
  5 bats
  9 endoplasms
  5 giant cockroaches
  10 goblins
  5 hobgoblins
  4 jackals (D:3)
  7 kobolds
  3 quokkas
  12 ball pythons
  3 frilled lizards
  4 rats
131 creatures vanquished.

Vanquished Creatures (others)
  10 fungi (D:8)
  11 plants (D:8)
21 creatures vanquished.

Grand Total: 152 creatures vanquished

Notes
Turn   | Place    | Note
-------+----------+-------------------------------------------
     0 | D:1      | trckry the Kobold Hedge Wizard began the quest for the Orb.
     0 | D:1      | Reached XP level 1. HP: 10/10 MP: 4/4
   163 | D:1      | Reached XP level 2. HP: 14/15 MP: 1/6
   166 | D:1      | Learned a level 2 spell: Call Imp
   169 | D:1      | Learned a level 2 spell: Blink
   336 | D:1      | Found Vaadghejy's Antique Weapon Shop.
   392 | D:1      | Reached XP level 3. HP: 19/19 MP: 7/7
   594 | D:1      | Found a faded altar of an unknown god.
   778 | D:1      | Learned a level 3 spell: Stone Arrow
  1149 | D:2      | Found Qunnab's Jewellery Shop.
  1232 | D:2      | Reached XP level 4. HP: 7/24 MP: 1/9
  2172 | D:3      | Found a runed translucent door.
  2175 | D:3      | Noticed Crazy Yiuf
  2183 | D:3      | Killed Crazy Yiuf
  2184 | D:3      | Reached XP level 5. HP: 20/28 MP: 3/10
  2490 | D:3      | Reached skill level 1 in Earth Magic
  2599 | D:3      | Noticed an ogre
  2602 | D:3      | Killed an ogre
  2603 | D:3      | Reached skill level 1 in Fighting
  2603 | D:3      | Reached XP level 6. HP: 34/34 MP: 1/11
  2732 | D:3      | Identified the +6 scale mail of Dishonour {Rampage Str+5}
  3424 | D:4      | Found a staircase to the Ecumenical Temple.
  3824 | D:4      | Reached XP level 7. HP: 36/39 MP: 13/13
  4588 | D:4      | Learned a level 3 spell: Mephitic Cloud
  4647 | D:5      | Entered Level 5 of the Dungeon
  4848 | D:5      | Noticed a water moccasin
  4858 | D:5      | Killed a water moccasin
  4859 | D:5      | Reached XP level 8. HP: 34/45 MP: 0/14
  4965 | D:5      | Noticed Ijyb
  4969 | D:5      | Killed Ijyb
  5142 | D:5      | Noticed Prince Ribbit
  5145 | D:5      | Killed Prince Ribbit
  5861 | D:5      | Noticed Menkaure
  5863 | D:5      | Killed Menkaure
  5864 | D:5      | Reached skill level 5 in Conjurations
  5864 | D:5      | Reached skill level 5 in Summonings
  6092 | D:6      | Reached XP level 9. HP: 22/50 MP: 0/16
  6099 | D:6      | HP: 7/50 [poisoned by a water moccasin]
  6490 | D:6      | Reached skill level 5 in Spellcasting
  6729 | D:5      | Reached skill level 1 in Air Magic
  6729 | D:5      | Reached skill level 1 in Poison Magic
  6901 | D:6      | Found Kaneuc's Weapon Boutique.
  7431 | D:7      | Found a broken altar of Ashenzari.
  7886 | Temple   | Entered the Ecumenical Temple
  7889 | Temple   | Found a transporter.
  7889 | Temple   | Found a transporter.
  7891 | Temple   | Found a transporter.
  7891 | Temple   | Found a transporter.
  7958 | Temple   | Became a worshipper of Ru the Awakened
  8171 | D:7      | You fall into a shaft and drop 2 floors!
  8312 | D:7      | HP: 4/45 [wight/+1 falchion (5)]
  8313 | D:7      | Slain by a wight

Illustrated notes

Levels and vault maps discovered:
D:1:      dpeg_arrival_tiny_h, layout_basic,
          shapermc_ecumenical_altar_totnotflames, serial_shops, shop,
          serial_park_tiny_pond
D:2:      cheibrodos_helix_gallery, layout_basic, serial_shops,
          nicolae_shop_waterfront
D:3:      layout_loops_cross, kennysheep_crisscross, uniq_crazy_yiuf_cottage
D:4:      layout_basic, minmay_temple_entry_antechambers
D:5:      layout_loops_ring, uniq_menkaure, uniq_ijyb, uniq_prince_ribbit1
D:6:      layout_cave_pools, serial_shops, kennysheep_mini_moat
D:7:      layout_loops_ring, lemuel_tele_altar, cheibrodos_ashenzari_chains
D:8:      layout_gridville, grunt_qazlal_clouds,
          chequers_temple_overflow_statue_of_worship,
          due_lair_maze_entry_diamond
D:9:      hangedman_screamer, layout_basic, uniq_pikel
Temple:   hellmonk_temple_divided_pantheon

Skill      XL: |  1  2  3  4  5  6  7  8  9 |
---------------+----------------------------+-----
Stealth        | 3 |  3.0
Conjurations   | 2 3 4 5 6 |  6.2
Summonings     | 2 3 4 5 6 |  6.0
Dodging        | 3 |  3.0
Earth Magic    | 1 2 3 |  3.9
Fighting       | 1 2 3 |  3.0
Translocations | 2 3 4 |  4.0
Spellcasting   | 4 5 |  5.4
Air Magic      | 2 |  2.0
Poison Magic   | 2 |  2.0

Action                   |  1- 3 |  4- 6 |  7- 9 || total
-------------------------+-------+-------+-------++-------
Melee: Dagger            |     7 |       |       ||     7
       Short sword       |    69 |    51 |       ||   120
       Punch             |     1 |       |       ||     1
       Quarterstaff      |       |    79 |    42 ||   121
 Cast: Magic Dart        |    14 |       |     3 ||    17
       Stone Arrow       |     1 |     7 |    83 ||    91
       Call Imp          |       |     1 |     3 ||     4
       Blink             |       |       |     1 ||     1
  Use: Potion            |       |       |     4 ||     4
 Stab: Sleeping          |    11 |    13 |     2 ||    26
       Distracted        |     1 |       |       ||     1
Armor: Robe              |    20 |    31 |    21 ||    72
Dodge: Dodged            |    57 |   116 |    58 ||   231
